 Dungeon Crawl Stone Soup version 0.26-a0-812-g31a745ddcd (webtiles) character file.

Game seed: 5945949896869231363

816 kae the Insei (level 7, -1/38 HPs)
             Began as a Tengu Transmuter on Nov 18, 2020.
             Slain by a troll (7 damage)
             ... on level 5 of the Dungeon.
             The game lasted 00:04:03 (7152 turns).

kae the Insei (Tengu Transmuter)                    Turns: 7152, Time: 00:04:03

Health: -1/38      AC:  3    Str: 13 (16) XL:     7   Next: 94%
Magic:  11/11      EV: 15    Int: 10 (12) God:
Gold:   235        SH:  0    Dex: 12 (14) Spells: 1/10 levels left

rFire    . . .     SeeInvis .     - Unarmed
rCold    . . .     Faith    .   (no shield)
rNeg     . . .     Spirit   .   a - +1 robe
rPois    .         Reflect  .   (helmet restricted)
rElec    .         Harm     .   (no cloak)
rCorr    .         Rampage  .   (no gloves)
MR       .....                  (boots unavailable)
Stlth    +.........             (no amulet)
HPRegen  0.12/turn              n - +6 ring of strength
MPRegen  0.12/turn              (no ring)

@: mighty, flying quickly and evasively, very slightly contaminated, quick
A: beak, talons 3, dopey 1, weak 1, able to fly
a: Stop Flying


You were on level 5 of the Dungeon.
You visited 1 branch of the dungeon, and saw 5 of its levels.
You also visited: Sewer.

You collected 235 gold pieces.

Inventory:

Armour
 a - a +1 robe (worn)
Jewellery
 n - a +6 ring of strength (left hand)
 t - an uncursed ring of magical power {unknown}
Wands
 m - a wand of iceblast (7)
 p - a wand of random effects (4)
 r - a wand of polymorph (7)
Scrolls
 b - 2 scrolls of enchant weapon
 d - 3 scrolls of teleportation
 g - 3 scrolls of fog
 j - 3 scrolls of enchant armour
 o - 3 scrolls of identify
 s - a scroll of magic mapping
Potions
 c - a potion of curing
 e - a potion of berserk rage
 f - 3 potions of heal wounds
 h - 2 potions of degeneration
 i - 2 potions of lignification
 k - 5 potions of attraction


   Skills:
 - Level 1.0 Fighting
 - Level 2.1 Dodging
 + Level 5.9 Unarmed Combat
 - Level 2.0 Spellcasting
 * Level 5.6 Transmutations
 - Level 3.0 Poison Magic


You had one spell level left.
You knew the following spells:

 Your Spells              Type           Power        Failure   Level
a - Beastly Appendage     Tmut           ##....       3%          1
b - Spider Form           Tmut/Pois      #.........   16%         3
c - Blade Hands           Tmut           ##........   65%         5

Your spell library contained the following spells:

 Spells                   Type           Power        Failure   Level
 Wereblood                Tmut           ##......     4%          2
 Ice Form                 Ice/Tmut       #.......     69%         4


Dungeon Overview and Level Annotations

Branches:
Dungeon (5/15)              Sewer (visited)
 Temple: D:4-7

Altars:
Gozag
Zin
The Shining One


Innate Abilities, Weirdness & Mutations

You have a beak for a mouth.
You have claws for feet.
You can fly continuously.
You are dopey. (Int -2)
You are weak. (Str -2)


Message History

There is a stone staircase leading up here.
You catch the helpless troll completely off-guard!
You hit the troll. You claw the troll! You peck the troll.
The troll is moderately wounded.
The troll misses you. The troll claws you. The troll closely misses you.
You catch the helpless troll completely off-guard!
You punch the troll!
The troll is heavily wounded.
You flicker back into view.
The troll misses you. The troll claws you! x2
You are too injured to fight recklessly!
You are too injured to fight recklessly!
You are too injured to fight recklessly!
You are too injured to fight recklessly!
You punch the troll!
The troll is severely wounded.
The troll barely misses you. The troll claws you!
* * * LOW HITPOINT WARNING * * *
The troll claws you!
You die...

##.....## #.......#
#.......# #.......#
###########.....##
#...............##
..####.###.......# #.#
#.T.....# #.###.@.....#
..#########..........##
... $...........<...##
... #######..########
.# ##...####### .#
##..........# #
##...#........# ####
#...##........# ...#
#.#.##........#


You could see a troll.

Vanquished Creatures
  A water moccasin (Sewer)
  An ice beast (D:5)
  An ogre (D:4)
  A centaur (D:5)
  A water moccasin skeleton (D:4)
  2 howler monkeys (D:5)
  A centaur zombie (D:4)
  A bullfrog skeleton (D:5)
  A centaur skeleton (D:4)
  2 worker ants
  3 gnolls (D:5)
  6 adders
  A shadow imp (D:5)
  An adder skeleton (D:4)
  3 worms
  5 leopard geckos
  7 orcs
  A ball python (D:2)
  6 giant cockroaches
  8 goblins
  3 hobgoblins
  4 jackals
  5 quokkas
  10 bats
  7 frilled lizards
  15 kobolds
  A leopard gecko zombie (D:3)
  8 rats
106 creatures vanquished.

Notes
Turn   | Place    | Note
-------+----------+-------------------------------------------
     0 | D:1      | kae the Tengu Transmuter began the quest for the Orb.
     0 | D:1      | Reached XP level 1. HP: 12/12 MP: 4/4
   470 | D:1      | Reached XP level 2. HP: 16/16 MP: 4/6
  1189 | D:2      | Found an opulent altar of Gozag.
  1214 | D:2      | Reached XP level 3. HP: 20/20 MP: 5/7
  1219 | D:2      | Learned a level 3 spell: Spider Form
  1763 | D:2      | Reached XP level 4. HP: 17/25 MP: 6/8
  2270 | D:2      | Found a glowing silver altar of Zin.
  2953 | D:3      | Found a glowing golden altar of the Shining One.
  3177 | D:3      | Reached skill level 1 in Poison Magic
  4048 | D:3      | Gained mutation: You can fly continuously. [Tengu growth]
  4048 | D:3      | Reached XP level 5. HP: 22/29 MP: 9/9
  4473 | D:4      | Noticed an ogre
  4659 | D:4      | Found a glowing drain.
  4678 | Sewer    | Entered a sewer
  4781 | Sewer    | Noticed a water moccasin
  4797 | Sewer    | Killed a water moccasin
  4797 | Sewer    | Reached XP level 6. HP: 18/34 MP: 4/10
  6043 | D:4      | Reached skill level 5 in Unarmed Combat
  6043 | D:4      | Reached XP level 7. HP: 38/38 MP: 8/11
  6079 | D:5      | Entered Level 5 of the Dungeon
  6140 | D:5      | Reached skill level 5 in Transmutations
  6315 | D:5      | Noticed a troll
  6961 | D:5      | Learned a level 5 spell: Blade Hands
  6986 | D:4      | Gained mutation: You are weak. (Str -2) [mutagenic glow]
  7001 | D:4      | Gained mutation: You are dopey. (Int -2) [mutagenic glow]
  7152 | D:5      | Slain by a troll

Illustrated notes

Levels and vault maps discovered:
D:1:      tarquinn_simple_flora_water_f, layout_rooms, roderic_roman_lattice
D:2:      layout_basic, nicolae_gozag_seed_capital, zin_scriptorium
D:3:      minmay_general_purpose_star, layout_basic,
          nicolae_overflow_crystal_walls, nicolae_overflow_hidden_temple
D:4:      layout_basic, portal_sewer_entry_f
D:5:      layout_rooms

Skill      XL: |  1  2  3  4  5  6  7 |
---------------+----------------------+-----
Transmutations | 2 3 4 5 |  5.6
Unarmed Combat | 4 5 |  5.9
Poison Magic   | 1 2 3 |  3.0
Fighting       | |  1.0
Dodging        | |  2.1
Spellcasting   | |  2.0

Action                   |  1- 3 |  4- 6 |  7- 9 || total
-------------------------+-------+-------+-------++-------
Melee: Unarmed           |    80 |   175 |    56 ||   311
       Peck              |     6 |    19 |     3 ||    28
       Headbutt          |     5 |    15 |       ||    20
       Kick              |    13 |    36 |     4 ||    53
       Punch             |     2 |     2 |       ||     4
 Cast: Beastly Appendage |    22 |    32 |     2 ||    56
       Spider Form       |       |     4 |     4 ||     8
 Abil: Fly               |       |     1 |       ||     1
  Use: Scroll            |       |    11 |       ||    11
       Potion            |       |     2 |     6 ||     8
 Stab: Distracted        |       |     1 |       ||     1
       Invisible         |       |       |     2 ||     2
Armor: Robe              |    12 |    27 |     2 ||    41
       Skin              |       |     1 |     1 ||     2
Dodge: Dodged            |    54 |   127 |    52 ||   233

Table legend: (Time is in decaauts)
 A = Elapsed time spent in this place.
 B = Non-inter-level travel time spent in this place.
 C = Inter-level travel time spent in this place.
 D = Time resting spent in this place.
 E = Time spent auto-exploring this place.
 F = Levels seen in this place.
 G = Mean time per level.
                   A        B        C        D        E       F      G
               +--------+--------+--------+--------+--------+-----+--------+
         Total |   7006 |   6772 |    234 |    792 |   5118 |   6 | 1167.7 |
       Dungeon |   6706 |   6472 |    234 |    744 |   4904 |   5 | 1341.2 |
         Sewer |    299 |    299 |      0 |     48 |    213 |   1 |  299.0 |
               +--------+--------+--------+--------+--------+-----+--------+

Top non-repeatable levels by time:
     D:4: 2015 daAuts
     D:2: 1686 daAuts
     D:3: 1496 daAuts
     D:1: 1185 daAuts
     D:5: 322 daAuts
   Sewer: 299 daAuts
